 Dungeon Crawl Stone Soup version 0.16-a0-3197-g5046a99 (webtiles) character file.

399 Chiseanne the Magician (level 6, -1/47 HPs)
             Began as a Demonspawn Transmuter on Dec 18, 2014.
             Was an Initiate of Gozag.
             Killed from afar by an orc wizard (7 damage)
             ... with a magic dart
             ... on level 4 of the Dungeon.
             The game lasted 00:10:47 (5813 turns).

Chiseanne the Magician (Demonspawn Transmuter)      Turns: 5813, Time: 00:10:48

Health: -1/47      AC:  3    Str: 12    XL:     6   Next: 53%
Magic:  13/13      EV: 15    Int: 15    God:    Gozag
Gold:   264        SH:  0    Dex: 13    Spells: 2 memorised, 8 levels left

rFire  . . .     SeeInvis .     a - +1 hand axe (flame)
rCold  . . .     Clarity  +     p - +0 leather armour
rNeg   . . .     SustAb   .     (no shield)
rPois  .         Gourm    .     (helmet restricted)
rElec  .         Spirit   .     (no cloak)
rCorr  .         Warding  .     (no gloves)
rMut   .         Stasis   .     (boots unavailable)
MR     .....                    (no amulet)
Stlth  +.........               (no ring)
                                (no ring)

@: appendage (expiring), not resistant to hostile enchantments, very unstealthy
A: horns 1, talons 3, repulsion field 1, clarity
a: End Transformation, Potion Petition, Call Merchant, Bribe Branch, Renounce
Religion


You were on level 4 of the Dungeon.
You worshipped Gozag.
Gozag was noncommittal.
You were very full.
You had grown temporary talons.
You visited 2 branches of the dungeon, and saw 5 of its levels.

You collected 359 gold pieces.
You paid 95 gold pieces to Gozag.

Inventory:

Hand weapons
 a - a +1 hand axe of flaming (weapon)
Missiles
 b - 35 arrows
 c - 11 silver sling bullets
 f - 155 stones (quivered)
 i - a tomahawk
 j - 32 poisoned needles
 r - 31 sling bullets
Armour
 p - a +0 leather armour (worn)
Scrolls
 g - a scroll of amnesia
 k - 2 scrolls of remove curse
Potions
 e - a potion of mutation
 h - a potion of berserk rage {unknown}
 m - a potion of brilliance
 o - a potion of lignification {unknown}
 q - a potion of resistance
Books
 d - a book of Changes

   Spells                             Type                      Level
   a - Beastly Appendage              Transmutation                1
   b - Sticks to Snakes               Transmutation                2
   c - Spider Form                    Transmutation/Poison         3
   d - Ice Form                       Ice/Transmutation            4
   e - Blade Hands                    Transmutation                5
Comestibles
 n - 2 meat rations


   Skills:
 * Level 3.0 Fighting
 * Level 3.6 Dodging
 - Level 2.6 Unarmed Combat
 * Level 3.7 Spellcasting
 * Level 3.5 Transmutations


You had 8 spell levels left.
You knew the following spells:

 Your Spells              Type           Power        Failure   Level  Hunger
a - Beastly Appendage     Trmt           ##....       6%          1    None
b - Spider Form           Trmt/Pois      #.........   30%         3    ###....


Dungeon Overview and Level Annotations

Branches:
Dungeon (4/15)             Temple (1/1) D:4

Altars:
Ashenzari
Cheibriados
Dithmenos
Elyvilon
Gozag
Kikubaaqudgha
Makhleb
Nemelex Xobeh
Okawaru
Qazlal
Sif Muna
Trog
Vehumet
Xom
Zin

Annotations:
D:3 Grinder


Innate Abilities, Weirdness & Mutations

You have a pair of small horns on your head.
You are surrounded by a mild repulsion field (EV +2).
You have claws for feet.
You possess an exceptional clarity of mind.


Message History

The orc priest is severely wounded.
The orc priest completely misses you. The orc priest misses you.
You barely miss the orc priest. You claw the orc priest.
The orc priest is severely wounded.
The orc priest hits you with a hand axe of chopping.
You closely miss the orc priest.
The orc priest is severely wounded.
The orc priest hits you with a hand axe of chopping.
* * * LOW HITPOINT WARNING * * *
You closely miss the orc priest. Your kick misses the orc priest.
The orc priest is severely wounded.
The orc priest hits you with a hand axe of chopping.
* * * LOW HITPOINT WARNING * * *
x2 You hit the orc priest.
You burn the orc priest.
You kill the orc priest!
Your Fighting skill increases to level 3!
The orc wizard points at you and mumbles some strange words.
The magic dart hits you!
You die...
Your body crumbles into a pile of gold.

......#<.....o.....#
.#
...+.>..........#..#
#.........##.#..#
#.........'.....#
#...o.....##.##.#
#..........##.# #
#..........##.#####.#
#...!.......$.......#
#..........@#########
####'###.(..# #.##(#
... # ####. .. .. #..
#


You could see an orc wizard.

Vanquished Creatures
  An ogre (D:3)
  A scorpion (D:4)
  A hound (D:4)
  3 orc priests
  A gnoll (D:1)
  4 adders
  A giant mite (D:1)
  2 worms (D:2)
  3 giant geckos
  2 orcs (D:3)
  3 ball pythons
  10 bats
  9 hobgoblins
  3 jackals
  5 kobolds
  8 giant newts
  11 goblins
  7 rats
75 creatures vanquished.

Notes
Turn   | Place    | Note
--------------------------------------------------------------
     0 | D:1      | Chiseanne, the Demonspawn Transmuter, began the quest for the Orb.
     0 | D:1      | Reached XP level 1. HP: 15/15 MP: 3/3
   277 | D:1      | Gained mutation: You have a pair of large horns on your head. [demonic ancestry]
   277 | D:1      | Reached XP level 2. HP: 21/21 MP: 2/4
   771 | D:1      | HP: 1/21 [giant newt (3)]
  1186 | D:1      | Reached XP level 3. HP: 19/26 MP: 2/6
  2277 | D:2      | Reached XP level 4. HP: 19/33 MP: 8/8
  2589 | D:2      | Found an iron altar of Okawaru.
  2892 | D:2      | Found an opulent altar of Gozag.
  2918 | D:2      | Became a worshipper of Gozag Ym Sagoz the Greedy
  3011 | D:2      | Learned a level 3 spell: Spider Form
  3070 | D:2      | Reached skill level 3 in Spellcasting
  3403 | D:3      | Found a glowing silver altar of Zin.
  3484 | D:3      | Noticed Grinder
  3491 | D:3      | Paralysed by Grinder for 4 turns
  3749 | D:2      | Gained mutation: You possess an exceptional clarity of mind. [potion of beneficial mutation]
  4202 | D:3      | Found a sparkling altar of Nemelex Xobeh.
  4375 | D:3      | Paralysed by Grinder for 4 turns
  4534 | D:4      | Gained mutation: You are surrounded by a mild repulsion field (EV +2). [demonic ancestry]
  4534 | D:4      | Reached XP level 5. HP: 38/38 MP: 11/11
  4561 | D:4      | Found a staircase to the Ecumenical Temple.
  4577 | Temple   | Entered the Ecumenical Temple
  4976 | D:4      | Noticed an ogre
  4977 | D:4      | HP: 1/39 [orc/trident (7)]
  5579 | D:3      | Reached XP level 6. HP: 12/46 MP: 11/13
  5581 | D:3      | Killed an ogre
  5813 | D:4      | Killed from afar by an orc wizard

Action                   |  1- 3 |  4- 6 || total
-------------------------+-------+-------++-------
Melee: Unarmed           |   144 |       ||   144
       Hand axe          |    12 |   116 ||   128
 Cast: Beastly Appendage |    45 |    14 ||    59
  Use: Scroll            |     5 |     3 ||     8
       Potion            |       |     3 ||     3
  Eat: Chunk             |     4 |       ||     4
       Bread ration      |       |     4 ||     4
       Fruit             |       |     1 ||     1
